 Dungeon Crawl Stone Soup version 0.30.1-3-gfc49f6343a (webtiles) character file.

Game seed: 8783750077870543813

9448 Wiggles the Severer (level 11, -3/82 HPs)
             Began as a Minotaur Berserker on Aug 7, 2023.
             Was a High Priest of Trog.
             Slain by an enormous slime creature (21 damage)
             ... on level 11 of the Dungeon.
             The game lasted 00:19:03 (9797 turns).

Wiggles the Severer (Minotaur Berserker)            Turns: 9797, Time: 00:19:03

Health: -3/82      AC: 14    Str: 38    XL:     11   Next: 23%
Magic:  10/10      EV:  9    Int:  4    God:    Trog [*****.]
Gold:   666        SH:  0    Dex: 10    Spells: 10/10 levels left

rFire   . . .        y - +0 battleaxe (heavy)
rCold   . . .        (shield currently unavailable)
rNeg    . . .        s - +0 plate armour
rPois   .            i - +2 hat
rElec   .            (no cloak)
rCorr   .            (no gloves)
SInv    .            e - +0 pair of boots
Will    .....        (no amulet) Stlth
                     A - +6 ring of strength
HPRegen 0.33/turn    j - +6 ring of strength
MPRegen 0.12/turn

%: no passive effects
@: no status effects
A: horns 2, retaliatory headbutt
a: Renounce Religion, Berserk, Trog's Hand, Brothers in Arms


You were on level 11 of the Dungeon.
You worshipped Trog.
Trog was extremely pleased with you.
You visited 1 branch of the dungeon, and saw 11 of its levels.
You also visited: Sewer and Bailey.

You collected 666 gold pieces.

Inventory:

Hand Weapons
 y - a +0 heavy battleaxe (weapon)
Armour
 e - a +0 pair of boots (worn)
 i - a +2 hat (worn)
 s - a +0 plate armour (worn)
Jewellery
 h - a ring of protection from cold
 j - a +6 ring of strength (right hand)
 o - a +4 ring of protection
 p - a ring of resist corrosion
 q - a ring of protection from cold
 A - a +6 ring of strength (left hand)
 G - a ring of positive energy
 H - a +6 ring of dexterity
Wands
 t - a wand of charming (4)
 B - a wand of mindburst (7)
 E - a wand of acid (15)
Scrolls
 a - a scroll of immolation
 d - a scroll of fog
 r - 2 scrolls of teleportation
 u - 4 scrolls of blinking
 C - a scroll of brand weapon
 J - 4 scrolls of vulnerability
Potions
 b - 2 potions of flight {unknown}
 c - 4 potions of brilliance
 f - a potion of cancellation {unknown}
 g - a potion of resistance {unknown}
 k - a potion of magic {unknown}
 l - 2 potions of heal wounds
 m - 3 potions of berserk rage
 n - 3 potions of degeneration {unknown}
 v - 2 potions of mutation {unknown}
 w - a potion of might
 x - 5 potions of attraction
 z - 3 potions of lignification
 F - 3 potions of curing {unknown}
 I - 3 potions of haste {unknown}
Miscellaneous
 D - a lightning rod (4/4)


   Skills:
 - Level 3.6 Fighting
 + Level 19.3 Axes
 - Level 2.4 Armour
 - Level 2.1 Dodging
 + Level 3.1 Stealth
 + Level 5.3 Shields
 + Level 0.1 Evocations


You had 10 spell levels left.
You didn't know any spells.
Your spell library was empty.

Dungeon Overview and Level Annotations

Branches:
Dungeon (11/15)            Temple (0/1) D:7           Sewer (visited)
 Bailey (visited)
   Lair: D:8-11         Orc: D:9-12

Altars:
Gozag
Makhleb
Qazlal
Vehumet
Wu Jian
Xom

Shops:
D:7 :


Innate Abilities, Weirdness & Mutations

You have a pair of horns on your head.
You reflexively headbutt those who attack you in melee.


Message History

The orc wizard casts a spell.
The orc wizard flickers and vanishes!
Deactivating autopickup; reactivate with Ctrl-A.
You carve the slime creature like a ham!!!
You headbutt the slime creature!
The slime creature is almost dead.
You hear a howl!
You hear a shout!
A warg comes into view.
The slime creature barely misses you.
You barely miss the slime creature. You headbutt the slime creature.
The slime creature is almost dead.
Two slime creatures merge to form a large slime creature.
You slice the large slime creature!!
The large slime creature is severely wounded.
You hear a shout!
Two slime creatures merge to form a very large slime creature.
An orc comes into view. It is wielding a +0 flail.
Two slime creatures merge to form an enormous slime creature.
You slice the enormous slime creature!!
The enormous slime creature is heavily wounded.
The enormous slime creature hits you.
You hit the enormous slime creature.
The enormous slime creature is heavily wounded.
The enormous slime creature hits you but does no damage.
You open the enormous slime creature like a pillowcase!!!
The enormous slime creature is severely wounded.
The enormous slime creature hits you!
You slash the enormous slime creature!
You headbutt the enormous slime creature.
The enormous slime creature is severely wounded.
The enormous slime creature closely misses you.
You hit the enormous slime creature.
The enormous slime creature is severely wounded.
The enormous slime creature hits you!!!
Ouch! That really hurt!
* * * LOW HITPOINT WARNING * * *
You slice the enormous slime creature!!
The enormous slime creature is almost dead.
The enormous slime creature hits you!!
You die...

....... ....... .......
..oh... ..o.. #########
... #...)...#
#.####h########.#####.#
......ooJ@...##.# #.#
#.####.#####.##.#####.#
#.. #.......##.# #...
####.......# ##..
####.#### ##. #.# #.
#.# #. #.# ##+## #.##


You could see an enormous slime creature, a warg, an orc warrior and an orc
priest.

Vanquished Creatures
  2 vault guards (Bailey)
  A manticore (D:10)
  A hornet (D:9)
  Grinder (D:5)
  Prince Ribbit (Bailey)
  A wraith (D:10)
  5 humans (Bailey)
  7 yaks
  2 steam dragons (D:10)
  An acid dragon (D:9)
  5 water moccasins
  7 orc warriors
  2 ice beasts
  2 ogres
  3 black bears
  2 centaurs (D:8)
  A phantom (D:5)
  4 kobold brigands
  A scorpion (D:3)
  11 bullfrogs
  A gnoll sergeant (D:8)
  7 wights (D:8)
  6 electric eels (D:10)
  A howler monkey (D:5)
  5 hounds
  7 orc priests
  3 gnoll boudas
  A jelly (D:6)
  An iguana (D:6)
  A sleepcap (D:6)
  Natasha (thrice) (D:2)
  11 orc wizards
  26 gnolls
  5 adders
  A white imp (D:7)
  2 ufetubi
  3 worms
  A dart slug (D:3)
  42 orcs
  3 bats
  12 endoplasms
  17 giant cockroaches
  12 goblins
  6 hobgoblins
  4 jackals (D:4)
  17 kobolds
  12 quokkas
  12 ball pythons
  13 frilled lizards
  7 rats
302 creatures vanquished.

Notes
Turn   | Place    | Note
-------+----------+-------------------------------------------
     0 | D:1      | Wiggles the Minotaur Berserker began the quest for the Orb.
     0 | D:1      | Reached XP level 1. HP: 19/19 MP: 0/0
    96 | D:1      | Reached skill level 4 in Axes
   171 | D:1      | Reached XP level 2. HP: 25/26 MP: 1/1
   636 | D:1      | Reached ** piety under Trog
   687 | D:1      | Found a faded altar of an unknown god.
   796 | D:2      | Reached skill level 5 in Axes
   816 | D:2      | Found an ornate altar of the Wu Jian Council.
   943 | D:2      | Reached XP level 3. HP: 31/31 MP: 2/2
  1192 | D:2      | Reached XP level 4. HP: 20/39 MP: 3/3
  1196 | D:2      | Reached skill level 6 in Axes
  1441 | D:2      | Noticed Natasha
  1444 | D:2      | Killed Natasha
  1498 | D:2      | Noticed Natasha
  1504 | D:2      | Killed Natasha
  1611 | D:2      | Noticed Natasha
  1620 | D:2      | Killed Natasha
  1621 | D:2      | Reached XP level 5. HP: 28/45 MP: 4/4
  1773 | D:3      | Reached skill level 7 in Axes
  2007 | D:3      | Reached skill level 1 in Stealth
  2093 | D:3      | Reached XP level 6. HP: 51/51 MP: 5/5
  2263 | D:4      | Reached *** piety under Trog
  2264 | D:4      | Reached skill level 8 in Axes
  2795 | D:5      | Entered Level 5 of the Dungeon
  2813 | D:5      | Noticed Grinder
  2814 | D:5      | Paralysed by Grinder for 4 turns
  2824 | D:5      | Killed Grinder
  2825 | D:5      | Reached skill level 9 in Axes
  2825 | D:5      | Reached XP level 7. HP: 57/57 MP: 6/6
  2861 | D:5      | Reached skill level 10 in Axes
  3067 | D:5      | Found a glowing drain.
  3071 | Sewer    | Entered a sewer
  3176 | Sewer    | Reached **** piety under Trog
  3332 | Sewer    | Reached skill level 11 in Axes
  3402 | D:5      | Reached XP level 8. HP: 61/64 MP: 7/7
  3520 | D:5      | Reached ***** piety under Trog
  3904 | D:5      | Reached skill level 12 in Axes
  4209 | D:6      | Reached skill level 13 in Axes
  4644 | D:6      | Identified the +0 scale mail of the Trout {rCorr}
  4923 | D:7      | Reached XP level 9. HP: 70/70 MP: 8/8
  4934 | D:7      | Reached skill level 14 in Axes
  5035 | D:7      | Found Bianuargh's Book Emporium.
  5110 | D:7      | Found a staircase to the Ecumenical Temple.
  5268 | D:7      | Found a stormy altar of Qazlal.
  5777 | D:8      | Found a burning altar of Makhleb.
  5777 | D:8      | Found an opulent altar of Gozag.
  5805 | D:8      | Found a flagged portal.
  5817 | Bailey   | Entered a bailey
  5830 | Bailey   | Reached skill level 15 in Axes
  5931 | Bailey   | Reached skill level 1 in Shields
  5947 | Bailey   | Reached skill level 16 in Axes
  5978 | Bailey   | Noticed a vault guard
  5980 | Bailey   | Noticed Prince Ribbit
  5988 | Bailey   | Killed a vault guard
  5989 | Bailey   | Reached XP level 10. HP: 77/77 MP: 9/9
  5992 | Bailey   | Killed Prince Ribbit
  6046 | Bailey   | Noticed a vault guard
  6055 | Bailey   | Killed a vault guard
  6056 | Bailey   | Reached skill level 17 in Axes
  6290 | D:8      | Found a radiant altar of Vehumet.
  6290 | D:8      | Found a shimmering altar of Xom.
  7107 | D:9      | Reached skill level 18 in Axes
  7871 | D:9      | Reached XP level 11. HP: 54/82 MP: 10/10
  8220 | D:10     | Entered Level 10 of the Dungeon
  8389 | D:10     | Reached skill level 19 in Axes
  8501 | D:10     | Received a gift from Trog
  8578 | D:10     | Reached skill level 5 in Shields
  9797 | D:11     | Slain by an enormous slime creature

Illustrated notes

Levels and vault maps discovered:
D:1:      dpeg_arrival_prison, layout_loops_ring,
          shapermc_ecumenical_altar_rom_forum
D:2:      layout_loops_cross, basic_altar, minmay_misc_feat_plants,
          nrook_campfire, uniq_natasha
D:3:      layout_basic, grunt_ministairs_1, nicolae_kite_square_tiling_tiny
D:4:      layout_basic
D:5:      layout_loops_ring, gup_sewer_entry_bowl, uniq_grinder
D:6:      layout_basic, grunt_decor_resistance
D:7:      layout_basic, nicolae_qazlal_general_emergency,
          minmay_temple_entry_junction_2, serial_shops, nicolae_lakefront_shop,
          minmay_parallelograms, kennysheep_another_room
D:8:      layout_gridville, gammafunk_temple_overflow_elements,
          gammafunk_temple_overflow_pools, serial_glass, glass_columns_a,
          glass_columns_a, glass_columns_a, glass_columns_b, glass_columns_a,
          glass_columns_a, enter_bailey_5
D:9:      layout_irregular_city
D:10:     cheibrodos_two_vegetables, layout_small_grid
D:11:     layout_loops_corners, erik_lair_dragon, david_orc_3, uniq_gastronok

Skill      XL: |  1  2  3  4  5  6  7  8  9 10 11 |
---------------+----------------------------------+-----
Axes           | 4 5 6 7 9 11 13 16 18 19 | 19.3
Stealth        | 1 2 3 |  3.1
Shields        | 1 4 5 |  5.3
Fighting       | |  3.6
Armour         | |  2.4
Dodging        | |  2.1
Evocations     | |  0.1

Action                     |  1- 3 |  4- 6 |  7- 9 | 10-12 || total
---------------------------+-------+-------+-------+-------++-------
  Melee: Hand axe          |    52 |    93 |   183 |       ||   328
         Headbutt          |    13 |    15 |    39 |    19 ||    86
         Punch             |       |     2 |     4 |       ||     6
         War axe           |       |       |   109 |    20 ||   129
         Battleaxe         |       |       |       |   113 ||   113
         Broad axe         |       |       |       |    35 ||    35
 Invoke: Berserk           |       |     1 |     3 |     1 ||     5
  Evoke: Wand              |       |       |       |    13 ||    13
    Use: Scroll            |       |       |    14 |     5 ||    19
         Potion            |       |       |       |     2 ||     2
 Armour: Animal skin       |     2 |       |       |       ||     2
         Scale mail        |     8 |     6 |       |       ||    14
         Plate armour      |       |    37 |   149 |    84 ||   270
  Dodge: Dodged            |    25 |    27 |   114 |    53 ||   219
  Block: Kite shield       |       |       |    18 |    16 ||    34
